 Dungeon Crawl Stone Soup version 0.31-a0-1570-g93c622d222 (webtiles) character file.

Game seed: 16453833864562407974

4298 jasper the Cruncher (level 10, -3/60 HPs)
             Began as a Deep Elf Cinder Acolyte on Jan 3, 2024.
             Was a High Priest of Ignis.
             Slain by a yak (9 damage)
             ... on level 9 of the Dungeon on Jan 4, 2024.
             The game lasted 00:14:25 (9539 turns).

jasper the Cruncher (Deep Elf Cinder Acolyte)       Turns: 9539, Time: 00:14:26

Health: -3/60      AC: 22    Str: 11    XL:     10   Next: 11%
Magic:  10/18      EV: 13    Int: 30    God:    Ignis [*****.]
Gold:   157        SH:  0    Dex: 10    Spells: 15/17 levels left

rFire   + + .        n - staff of fire
rCold   . . .        (no shield)
rNeg    . . .        e - +0 leather armour
rPois   .            (no helmet)
rElec   .            z - +2 cloak
rCorr   .            r - +2 pair of gloves
SInv    .            p - +1 pair of boots
Will    +....        (no amulet)
Stlth   +            i - +6 ring of intelligence
HPRegen 0.30/turn    m - +4 ring of protection
MPRegen 0.16/turn

%: no passive effects
@: fiery-armoured
A: no striking features
a: Renounce Religion, Fiery Armour, Foxfire Swarm, Rising Flame


You were on level 9 of the Dungeon.
You worshipped Ignis.
Ignis was extremely pleased with you.
You visited 1 branch of the dungeon, and saw 9 of its levels.

You collected 413 gold pieces.
You spent 256 gold pieces at shops.

Inventory:

Hand Weapons
 a - a +0 spear of flaming
Missiles
 j - 12 poisoned darts
 y - 2 javelins
Armour
 b - a +0 robe
 e - a +0 leather armour (worn)
 g - a +0 pair of gloves
 h - an orb of mayhem
 p - a +1 pair of boots (worn)
 r - a +2 pair of gloves (worn)
 z - a +2 cloak (worn)
 B - an orb of mayhem
Magical Staves
 n - a staff of fire (weapon)
Jewellery
 c - an amulet of guardian spirit
 i - a +6 ring of intelligence (left hand)
 l - a ring of ice
 m - a +4 ring of protection (right hand)
 s - a +6 ring of intelligence
 w - a +6 ring of dexterity
Wands
 k - a wand of flame (26)
 C - a wand of iceblast (12)
 D - a wand of polymorph (8)
Scrolls
 f - a scroll of summoning
 q - 5 scrolls of fear
 t - a scroll of teleportation
 v - 3 scrolls of poison
 x - a scroll of revelation
 E - 3 scrolls of blinking
 F - a scroll of noise
 G - a scroll of enchant armour
Potions
 d - a potion of mutation
 o - 2 potions of ambrosia
 A - a potion of enlightenment


   Skills:
 + Level 6.0 Fighting
 - Level 2.1(5.0) Polearms
 * Level 9.3(9.5) Staves
 + Level 7.7 Dodging
 - Level 4.1 Spellcasting
 - Level 5.0 Fire Magic
 - Level 5.0 Evocations


You had 15 spell levels left.
You knew the following spells:

 Your Spells              Type           Power      Damage    Failure   Level
a - Scorch                Fire           100%       2d9       1%          2

Your spell library contained the following spells:

 Spells                   Type           Power      Damage    Failure   Level
 Ensorcelled Hibernation  Hex/Ice        12%        N/A       13%         2
 Fugue of the Fallen      Necr           6%         N/A       26%         3
 Anguish                  Hex/Necr       3%         N/A       63%         4
 Vhi's Electric Charge    Tloc/Air       12%        N/A       63%         4
 Arcjolt                  Conj/Air       3%         1d13      93%         5
 Plasma Beam              Fire/Air       15%        2x1d27    99%         6
 Maxwell's Capacitive Co  Air            3%         ∞         100%        8


Dungeon Overview and Level Annotations

Branches:
Dungeon (9/15)             Temple (0/1) D:7            Lair (0/5) D:8
    Orc: D:9-12

Altars:
Wu Jian
The Shining One

Shops:
D:2 :   D:7 ?


Message History

The yak is moderately wounded.
The yak gores you!
* * * LOW HITPOINT WARNING * * *
You take 11 damage, and have 4/60 hp.
Casting: Scorch (safe; 1% risk of failure)
Press: ? - help, Q - select action, (/) - cycle Dir - look around, f - activate You feel a surge of power!
Flames lash the yak.
The yak is heavily wounded.
The yak's fire resistance burns away.
The yak closely misses you.
You now have 0/18 mp.
Magic courses through your body. The yak gores you but does no damage.
MP restored: 18
Casting: Scorch (safe; 1% risk of failure)
Press: ? - help, Q - select action, (/) - cycle Dir - look around, f - activate You feel a surge of power!
Flames lash the yak.
The yak is burned terribly!
The yak is severely wounded.
The yak gores you but does no damage.
The yak is burned by your cloak of flames.
The yak is severely wounded.
You now have 16/18 mp.
Casting: Scorch (safe; 1% risk of failure)
Press: ? - help, Q - select action, (/) - cycle Dir - look around, f - activate You feel a surge of power!
Flames lash the yak.
The yak is burned terribly!
You kill the yak!
You now have 14/18 mp.
Casting: Scorch (safe; 1% risk of failure)
Press: ? - help, Q - select action, (/) - cycle Dir - look around, f - activate You feel a surge of power!
Flames lash the yak.
The yak is lightly wounded.
The yak's fire resistance burns away.
The yak closely misses you.
You now have 12/18 mp.
Casting: Scorch (safe; 1% risk of failure)
Press: ? - help, Q - select action, (/) - cycle Dir - look around, f - activate You feel a surge of power!
Flames lash the yak.
The yak is moderately wounded.
The yak's fire resistance burns away.
The yak gores you!
You die...

#.....)........#
#............#.##
##............###
#..............##
#...............#
#>..............#
......>..#..##
.........#...#
..........#@##
.........)Y##
.........)##
.........(.#
......)...##
...........#
..:....?)..$#
........##...#
........# #.##


You could see a yak (combustible).

Vanquished Creatures
  2 hornets (D:8)
  5 yaks (D:9)
  A steam dragon (D:7)
  An acid dragon (D:8)
  3 water moccasins
  2 sky beasts (D:8)
  2 orc warriors
  2 centaurs
  3 phantoms
  6 scorpions
  5 wights (D:9)
  6 killer bees (D:4)
  A bombardier beetle (D:5)
  5 hounds
  2 jellies
  Crazy Yiuf (D:5)
  A gnoll bouda (D:7)
  3 orc priests
  2 sleepcaps
  Jessica (D:2)
  4 iguanas
  6 orc wizards
  9 gnolls
  11 adders
  2 dart slugs
  2 ribbon worms
  24 orcs
  4 ball pythons
  6 endoplasms
  4 giant cockroaches
  8 goblins
  10 hobgoblins
  2 jackals (D:4)
  5 quokkas
  3 bats
  3 frilled lizards
  A goblin zombie (D:6)
  5 kobolds
  5 rats
  A rat zombie (D:6)
169 creatures vanquished.

Notes
Turn   | Place    | Note
-------+----------+-------------------------------------------
     0 | D:1      | jasper the Deep Elf Cinder Acolyte began the quest for the
                  | Orb.
     0 | D:1      | Reached XP level 1. HP: 13/13 MP: 5/5
   235 | D:1      | Reached XP level 2. HP: 18/18 MP: 7/7
   238 | D:1      | Learned a level 2 spell: Scorch
   744 | D:1      | Reached XP level 3. HP: 22/22 MP: 1/9
  1637 | D:2      | Found Hisolom's Vocational Training.
  2098 | D:2      | Noticed Jessica
  2105 | D:2      | Killed Jessica
  2106 | D:2      | Reached XP level 4. HP: 27/27 MP: 4/12
  2618 | D:3      | Reached skill level 5 in Fire Magic
  2961 | D:3      | Noticed a water moccasin
  2969 | D:3      | Killed a water moccasin
  2970 | D:3      | Reached skill level 2 in Staves
  2970 | D:3      | Reached skill level 1 in Dodging
  2970 | D:3      | Reached XP level 5. HP: 32/32 MP: 5/13
  3531 | D:4      | Reached XP level 6. HP: 37/37 MP: 5/14
  3533 | D:4      | Reached skill level 3 in Staves
  3707 | D:4      | Reached XP level 7. HP: 41/41 MP: 5/15
  3937 | D:4      | Reached skill level 4 in Staves
  5082 | D:5      | Entered Level 5 of the Dungeon
  5103 | D:5      | Reached skill level 1 in Evocations
  5257 | D:5      | Found an ornate altar of the Wu Jian Council.
  5289 | D:5      | Reached skill level 5 in Staves
  5459 | D:5      | Reached XP level 8. HP: 48/48 MP: 4/16
  6369 | D:5      | Found a runed translucent door.
  6370 | D:5      | Noticed Crazy Yiuf
  6377 | D:5      | Killed Crazy Yiuf
  6481 | D:6      | Reached skill level 5 in Dodging
  6483 | D:6      | Reached skill level 6 in Staves
  7633 | D:7      | Found Sumarphy's Magic Scroll Boutique.
  7656 | D:7      | Bought a scroll of blinking for 120 gold pieces
  7656 | D:7      | Bought a scroll of blinking for 120 gold pieces
  7656 | D:7      | Bought a scroll of noise for 16 gold pieces
  7689 | D:7      | Reached skill level 7 in Staves
  7689 | D:7      | Reached XP level 9. HP: 53/53 MP: 12/17
  7752 | D:7      | Reached skill level 5 in Fighting
  8049 | D:7      | Found a staircase to the Ecumenical Temple.
  8087 | D:7      | Found a glowing golden altar of the Shining One.
  8736 | D:8      | Found a staircase to the Lair.
  8963 | D:8      | Reached skill level 8 in Staves
  9131 | D:8      | Paralysed by a hornet for 1 turns
  9134 | D:8      | Reached skill level 5 in Evocations
  9511 | D:9      | Reached skill level 9 in Staves
  9517 | D:9      | Reached XP level 10. HP: 15/60 MP: 2/18
  9539 | D:9      | Slain by a yak

Illustrated notes

Levels and vault maps discovered:
D:1:      nicolae_arrival_washed_ashore, layout_basic, minivault_4,
          minmay_misc_feat_more_columns
D:2:      layout_basic, nicolae_shop_vocational, uniq_jessica
D:3:      layout_basic, st_stairs_11, nicolae_figureground_pulse
D:4:      minmay_diamond_boxcup, layout_loops_cross
D:5:      minmay_angry_zag, layout_loops_ring, kennysheep_mini,
          uniq_crazy_yiuf_cottage
D:6:      layout_gridville, enter_ossuary_4
D:7:      layout_loops_ring, mainiacjoe_overflow_alcove_4,
          minmay_temple_entry_drinking_statues, serial_shops,
          nicolae_shop_window_shopping
D:8:      layout_loops_cross, lair_entry_dummy, kennysheep_generic_room_4
D:9:      layout_cross, orc_0_dummy

Skill      XL: |  1  2  3  4  5  6  7  8  9 10 |
---------------+-------------------------------+-----
Spellcasting   | 2 3 4 |  4.1
Fire Magic     | 4 5 |  5.0
Staves         | 2 3 5 7 9 |  9.3
Dodging        | 1 2 3 4 5 7 |  7.7
Fighting       | 3 4 5 6 |  6.0
Evocations     | 2 4 5 |  5.0
Polearms       | |  2.1

Action                     |  1- 3 |  4- 6 |  7- 9 | 10-12 || total
---------------------------+-------+-------+-------+-------++-------
  Melee: Spear             |    18 |       |       |       ||    18
         Staff             |       |    12 |    57 |    16 ||    85
         Punch             |       |       |     2 |     1 ||     3
   Cast: Scorch            |    40 |    40 |   204 |     6 ||   290
 Invoke: Fiery Armour      |       |     1 |     2 |       ||     3
  Evoke: Wand              |       |       |     2 |       ||     2
    Use: Scroll            |       |       |    11 |       ||    11
         Potion            |       |       |     4 |     1 ||     5
 Armour: Robe              |     2 |       |       |       ||     2
         Leather armour    |    11 |    17 |    97 |    12 ||   137
  Dodge: Dodged            |     5 |    12 |    76 |     5 ||    98

Table legend: (Time is in decaauts)
 A = Elapsed time spent in this place.
 B = Non-inter-level travel time spent in this place.
 C = Inter-level travel time spent in this place.
 D = Time resting spent in this place.
 E = Time spent auto-exploring this place.
 F = Levels seen in this place.
 G = Mean time per level.
                   A        B        C        D        E       F      G
               +--------+--------+--------+--------+--------+-----+--------+
         Total |   9529 |   9163 |    366 |    310 |   7882 |   9 | 1058.8 |
       Dungeon |   9529 |   9163 |    366 |    310 |   7882 |   9 | 1058.8 |
               +--------+--------+--------+--------+--------+-----+--------+

Top non-repeatable levels by time:
     D:4: 1685 daAuts
     D:1: 1617 daAuts
     D:5: 1255 daAuts
     D:8: 1069 daAuts
     D:7: 1007 daAuts
     D:2: 997 daAuts
     D:3: 873 daAuts
     D:6: 800 daAuts
     D:9: 222 daAuts
